 Dungeon Crawl Stone Soup version 0.29-a0-283-ga02f740833 (webtiles) character file.

Game seed: 635269552102916765

55 cheechan the Insei (level 3, -4/17 HPs)
             Began as a Vine Stalker Transmuter on Mar 13, 2022.
             Slain by a worm (8 damage)
             ... on level 2 of the Dungeon.
             The game lasted 00:06:05 (1434 turns).

cheechan the Insei (Vine Stalker Transmuter)        Turns: 1434, Time: 00:06:06

Health: -4/17      AC:  3    Str: 14    XL:     3   Next: 93%
Magic:  0/8        EV: 12    Int: 13    God:
Gold:   156        SH:  0    Dex: 16    Spells: 3/7 levels left

rFire   . . .      SeeInvis .     - Unarmed
rCold   . . .      Faith    .   (no shield)
rNeg    . . .      Spirit   +   a - +0 robe
rPois   .          Reflect  .   (helmet currently unavailable)
rElec   .          Harm     .   e - +0 cloak
rCorr   .          Rampage  .   (no gloves)
Will    .....                   (boots currently unavailable)
Stlth   ++........              (no amulet)
HPRegen 0.05/turn               (no ring)
MPRegen 0.11/turn               (no ring)

@: appendages
A: horns 2, talons 2, fangs 2, magic shield, antimagic bite, no potion heal 2,
strong 1, MP-powered wands
a: End Transformation


You were on level 2 of the Dungeon.
You had temporarily grown beastly horns and talons.
You visited 1 branch of the dungeon, and saw 2 of its levels.

You collected 156 gold pieces.

Inventory:

Missiles
 f - 47 stones
Armour
 a - a +0 robe (worn)
 e - a +0 cloak (worn)
Scrolls
 d - 3 scrolls of teleportation
 h - 2 scrolls of magic mapping
 k - a scroll of noise
Potions
 b - a potion of lignification
 i - 2 potions of flight
 l - a potion of heal wounds {unknown}


   Skills:
 + Level 0.9 Fighting
 + Level 1.8 Dodging
 + Level 0.2 Stealth
 + Level 3.7 Unarmed Combat
 + Level 2.6 Spellcasting
 + Level 2.7 Transmutations


You had 3 spell levels left.
You knew the following spells:

 Your Spells              Type           Power      Damage    Failure   Level
a - Beastly Appendage     Tmut           16%        N/A       8%          1
b - Spider Form           Tmut/Pois      5%         N/A       38%         3

Your spell library contained the following spells:

 Spells                   Type           Power      Damage    Failure   Level
 Wereblood                Tmut           8%         N/A       12%         2
 Ice Form                 Ice/Tmut       5%         N/A       80%         4


Dungeon Overview and Level Annotations

Branches:
Dungeon (2/15)

Altars:


Innate Abilities, Weirdness & Mutations

You have temporarily grown beastly horns and talons.
You have extremely sharp teeth.
When hurt, damage is shared between your health and your magic reserves.
Your bite disrupts and absorbs the magic of your enemies.
Potions cannot restore your health.
Your muscles are strong. (Str +2)
You expend magic power (3 MP) to strengthen your wands.


Message History

The hobgoblin hits you.
* * * LOW HITPOINT WARNING * * *
You hit the hobgoblin but do no damage. You headbutt the hobgoblin.
You kill the hobgoblin!
You barely miss the endoplasm. You claw the endoplasm.
You kill the endoplasm!
There is a stone staircase leading up here.
You hit the dart slug.
You claw the dart slug, but do no damage.
You bite the dart slug, but do no damage.
The dart slug is heavily wounded.
The dart slug launches a dart at you. The slug dart misses you.
You hit the dart slug. You claw the dart slug.
You kill the dart slug!
Things that are here:
a dart slug corpse; a hobgoblin corpse Your transformation is almost over.
Your horns disappear.
Your talons disappear.
A hobgoblin comes into view.
The hobgoblin shouts!
You barely miss the hobgoblin. Your bite misses the hobgoblin.
You hit the hobgoblin but do no damage. The hobgoblin hits you.
* * * LOW HITPOINT WARNING * * *
You hit the hobgoblin but do no damage. You punch the hobgoblin.
Your bite misses the hobgoblin.
The hobgoblin is almost dead.
The hobgoblin hits you but does no damage.
You punch the hobgoblin!
You kill the hobgoblin!
You see here a hobgoblin corpse.
Found a scroll of noise.
A worm comes into view.
The worm bites you.
* * * LOW HITPOINT WARNING * * *
Casting: Beastly Appendage (safe; 8% risk of failure)
Confirm with . or Enter, or press ? or * to list all spells.
You grow a pair of large bovine horns.
Your feet morph into talons.
The worm bites you!
You die...

,,,,* **,,*
,,,******,,,*
**,,,,,,,,*,*
*****,,,,#.##**
*,**,.....*
**,***#.#*.##### *
*,,* #.#*,.?..* **
**,** #.#*##w#**
,* *,,* #.###.@#
,***,**####.#...##
,,*,,**#......###
#..,*#...##†###
..,,*#.***#..#
.**,**.#####.##
***,>>,...##..# *
****.##...#.#
**#.*###.#.#


You could see a worm.

Vanquished Creatures
  A worm (D:2)
  2 dart slugs
  2 bats (D:1)
  3 endoplasms
  2 giant cockroaches (D:1)
  7 hobgoblins
  3 jackals (D:2)
  4 kobolds
  3 quokkas
  4 ball pythons (D:1)
  3 frilled lizards
  6 goblins
  3 rats
43 creatures vanquished.

Notes
Turn   | Place    | Note
-------+----------+-------------------------------------------
     0 | D:1      | cheechan the Vine Stalker Transmuter began the quest for
                  | the Orb.
     0 | D:1      | Reached XP level 1. HP: 9/9 MP: 4/4
    43 | D:1      | Reached XP level 2. HP: 8/14 MP: 3/6
   481 | D:1      | Found a faded altar of an unknown god.
   956 | D:1      | Reached XP level 3. HP: 16/17 MP: 4/7
  1097 | D:1      | Learned a level 3 spell: Spider Form
  1309 | D:2      | Gained mutation: You are frail. (-10% HP) [potion of
                  | mutation]
  1309 | D:2      | Gained mutation: You possess an exceptional clarity of
                  | mind. [potion of mutation]
  1310 | D:2      | Lost mutation: You are frail. (-10% HP) [potion of
                  | mutation]
  1310 | D:2      | Lost mutation: You possess an exceptional clarity of mind.
                  | [potion of mutation]
  1310 | D:2      | Gained mutation: Your muscles are strong. (Str +2) [potion
                  | of mutation]
  1310 | D:2      | Gained mutation: You expend magic power (3 MP) to
                  | strengthen your wands. [potion of mutation]
  1434 | D:2      | Slain by a worm

Illustrated notes

Levels and vault maps discovered:
D:1:      erik_arrival_cave_to_civilisation [erik_arrival_cave_to_hall],
          layout_loops_ring, hellmonk_ecumenical_altar_zigzags,
          wander_ebering_terrifying_dragon_lair
D:2:      layout_rooms, basic_altar, minmay_close_crescents

Action                   || total
-------------------------++-------
Melee: Unarmed           ||    89
       Bite              ||    17
       Kick              ||    20
       Headbutt          ||     8
       Punch             ||     2
 Cast: Beastly Appendage ||    17
  Use: Scroll            ||     7
       Potion            ||     2
Armor: Robe              ||    24
Dodge: Dodged            ||    69

Table legend: (Time is in decaauts)
 A = Elapsed time spent in this place.
 B = Non-inter-level travel time spent in this place.
 C = Inter-level travel time spent in this place.
 D = Time resting spent in this place.
 E = Time spent auto-exploring this place.
 F = Levels seen in this place.
 G = Mean time per level.
                   A        B        C        D        E       F      G
               +--------+--------+--------+--------+--------+-----+--------+
         Total |   1428 |   1428 |      0 |      0 |      0 |   2 |  714.0 |
       Dungeon |   1428 |   1428 |      0 |      0 |      0 |   2 |  714.0 |
               +--------+--------+--------+--------+--------+-----+--------+

Top non-repeatable levels by time:
     D:1: 1184 daAuts
     D:2: 243 daAuts
